 Dungeon Crawl Stone Soup version bcrawl-1.19.2-6-g6a88ae04c9 (webtiles) character file.

Game seed: 8993354515528083239

166 Mrkan the Covered (level 5, -1/33 HPs)
             Began as a Gargoyle Fighter on Jan 4, 2020.
             Splashed by a jelly's acid (3 damage)
             ... on level 3 of the Dungeon.
             The game lasted 00:03:06 (1760 turns).

Mrkan the Covered (Gargoyle Fighter)                Turns: 1760, Time: 00:03:06

Health: -1/33      AC:  3    Str: 19    XL:     5   Next: 47%
Magic:  5/5        EV:  7    Int: 10    God:
Gold:   95         SH:  9    Dex:  9    Spells: 4/4 levels left

rFire    . . .     SeeInvis .   a - +0 flail
rCold    . . .     Gourm    .   c - +0 shield
rNeg     + . .     Faith    .   b - +0 scale mail
rPois    ∞         Spirit   .   (no helmet)
rElec    +         Reflect  .   (no cloak)
rCorr    .         Harm     .   (no gloves)
MR       .....                  (no boots)
Stlth    ..........             (no amulet)
HPRegen  0.11/turn              (no ring)
MPRegen  0.09/turn              (no ring)

@: corroded
A: negative energy resistance 1, electricity resistance, unbreathing,
petrification resistance, rot immunity, AC +4
a: no special abilities


You were on level 3 of the Dungeon.
You were not hungry.

You visited 1 branch of the dungeon, and saw 3 of its levels.

You collected 95 gold pieces.

Inventory:

Hand Weapons
 a - a +0 flail (weapon)
Armour
 b - a +0 scale mail (worn)
 c - a +0 shield (worn)
Scrolls
 e - 4 scrolls of identify {unknown}
 g - a scroll of remove curse {unknown}
 h - a scroll of fear {unknown}
 j - a scroll of fog {unknown}
 n - 2 scrolls of magic mapping {unknown}
Potions
 d - 2 potions of might
 i - 2 potions of agility {unknown}
 k - a potion of berserk rage {unknown}
 m - a potion of curing {unknown}
 o - a potion of heal wounds {unknown}
 p - a potion of mutation {unknown}
 q - a potion of resistance {unknown}
 r - a potion of haste {unknown}
Comestibles
 f - 8 rations {!d}
 l - a chunk of flesh


   Skills:
 + Level 4.1 Fighting
 * Level 3.7 Maces & Flails
 + Level 4.2 Armour
 + Level 4.1 Shields


You had 4 spell levels left.
You didn't know any spells.
Your spell library was empty.

Dungeon Overview and Level Annotations

Branches:
Dungeon (3/12)

Altars:


Innate Abilities, Weirdness & Mutations

You are resistant to torment.
Your stone body is resilient. (AC +4)
You are immune to poison.
You resist negative energy. (rN+)
You are resistant to electric shocks. (rElec)
You can survive without breathing.
You are immune to petrification.
You are immune to rotting.


Message History

The jelly barely misses you.
You hit the jelly. The acid corrodes you!
Your hands burn!
The jelly is moderately wounded.
You block the jelly's attack. The jelly hits you but does no damage.
You sock the jelly!
Your hands burn!
* * * LOW HITPOINT WARNING * * *
The jelly is almost dead.
You block the jelly's attack.
You thump the jelly!
You kill the jelly!
You hit the jelly.
Your hands burn!
* * * LOW HITPOINT WARNING * * *
The jelly is moderately wounded.
The jelly hits you but does no damage. The jelly barely misses you.
You sock the jelly! The acid corrodes you!
Your hands burn!
* * * LOW HITPOINT WARNING * * *
The jelly is almost dead.
The jelly hits you but does no damage.
You hit the jelly.
Your hands burn!
You die...

. # ####### #
#......########## .# .
#PP.÷J.J##.....(#####.# .
#....J.#J#.......##.#.#..
#.PPJJJ#J#....)...'.#.#..
#...JJ.#J#........'...#..
#P....P#@#'#....).'.....#
#..J...#.#.#.....##......
#..PP.÷#.#.#....####.....
#)..÷÷.##.####### #......
### ######....##
#..†))...## #.######## #
#.......# # #######.# #


You could see a jelly and 3 oozes.

Vanquished Creatures
  A crimson imp (D:2)
  A jelly (D:3)
  An adder (D:2)
  4 oozes
  An adder zombie (D:3)
  2 worms
  A dart slug (D:2)
  3 leopard geckos
  2 orcs (D:3)
  A ball python (D:3)
  3 bats
  2 giant cockroaches
  4 goblins (D:1)
  3 hobgoblins (D:1)
  6 jackals
  5 frilled lizards
  15 kobolds
  7 rats
62 creatures vanquished.

Vanquished Creatures (others)
  A fungus (D:3)
  7 toadstools (D:3)
8 creatures vanquished.

Grand Total: 70 creatures vanquished

Notes
Turn   | Place    | Note
-------+----------+-------------------------------------------
     0 | D:1      | Mrkan the Gargoyle Fighter began the quest for the Orb.
     0 | D:1      | Reached XP level 1. HP: 14/14 MP: 1/1
   160 | D:1      | Reached XP level 2. HP: 18/19 MP: 2/2
   401 | D:1      | Reached XP level 3. HP: 21/23 MP: 3/3
   956 | D:2      | Reached XP level 4. HP: 27/29 MP: 4/4
  1538 | D:3      | Reached XP level 5. HP: 29/33 MP: 5/5
  1760 | D:3      | Splashed by a jelly's acid

Skill      XL: |  1  2  3  4  5 |
---------------+----------------+-----
Maces & Flails | 3 |  3.7
Armour         | 4 |  4.2
Shields        | 4 |  4.1
Fighting       | 4 |  4.1

Action                   |  1- 3 |  4- 6 || total
-------------------------+-------+-------++-------
Melee: Flail             |   115 |   112 ||   227
  Eat: Chunk             |       |     3 ||     3
Armor: Scale mail        |    68 |    63 ||   131
Dodge: Dodged            |    33 |    38 ||    71
Block: Shield            |    69 |    63 ||   132
